 Dungeon Crawl Stone Soup version 0.01-2115-ge649c80b0b (webtiles) character file.

Game seed: 18009981435713212381, levelgen mode: deterministic

983 Lanoc the Schismatic (level 7, -10/64 HPs) Blue Draconian Demonspawn. Began on June 6, 2020. Was an Elder of Lugonu. Killed by divine providence ... invoked by an orc priest (12 damage) ... on level 4 of the Dungeon. The game lasted 00:09:02 (2410 turns).

Lanoc the Schismatic (Blue Draconian Demonspawn)    Turns: 2410, Time: 00:09:06

Health: -10/64     AC: 13    Str: 17    XL:     7 ^: 21
Magic:  12/12      EV: 10    Int: 12    God:    Lugonu [****.. (105)]
Gold:   122        SH:  7    Dex: 12    Spells: 10/11 levels left

rFire    . . .     Vision   .   a - +0 long sword
rCold    + . .     Gourm    .   j - +0 targe
rNeg     . . .     Faith    .   (armour unavailable)
rPois    +         Spirit   .   (helmet restricted)
rElec    +         Reflect  .   (no cloak)
rCorr    .         Harm     .   (no gloves)
MR       .....                  (no boots)
Stlth    +.........             (no amulet)
HPRegen  0.31/turn              l - ring of poison resistance
MPRegen  0.22/turn              (no ring)

@: sanguine armour, lightly drained
A: no body armour, unfitting armour, hooves 1, cold resistance 1, powered by
pain 1, cold-blooded, sanguine armour 1, air enhancer 1, rElec, AC +7
a: Breathe Lightning, Depart the Abyss, Bend Space, Banish, Corrupt, Renounce
Religion


You were on level 4 of the Dungeon.
You worshipped Lugonu.
Lugonu was greatly pleased with you.
You were near starving.

You visited 1 branch of the dungeon, and saw 4 of its levels.

You collected 122 gold pieces.

Inventory:

Weapons
 a - a +0 long sword (weapon) Shields
 j - a +0 targe (weapon)
Jewellery
 l - a ring of poison resistance (left hand)
Wands
 k - a wand of polymorph (3)
Scrolls
 b - 3 scrolls of teleportation
 g - 2 scrolls of fog
 h - a scroll of fear
 i - a scroll of enchantment
 m - a scroll of amnesia
Potions
 d - a potion of berserk rage
 e - a potion of ambrosia
 f - a potion of brilliance
 n - a potion of mutation
Comestibles
 c - 6 rations


   Skills:
 + Level 6.4(6.2) Fighting
 - Level 1.5(1.3) Long Blades
 + Level 4.8(4.6) Dodging
 - Level 1.3(1.2) Stealth
 - Level 2.6(2.4) Spellcasting
 + Level 7.6(7.4) Invocations


You had 10 spell levels left.
You knew the following spells:

 Your Spells              Type           Power        Failure   Level  Hunger
a - Flame Tongue          Fire           1 (40)       94%         1    ##.....

Your spell library contained the following spells:

 Spells                   Type           Power        Failure   Level  Hunger
 Magic Candle             Hex/Fire       1 (90)       94%         1    ##.....
 Blink                    Tloc           N/A          98%         2    ###....
 Call Imp                 Summ           1 (100)      98%         2    ###....
 Ensorcelled Hibernation  Hex/Ice        1 (50)       98%         2    ###....
 Slow                     Hex            1 (100)      98%         2    ###....
 Blinding Spray           Hex/Pois       1 (50)       100%        3    ####...
 Confuse                  Hex            1 (100)      100%        3    ####...
 Conjure Flame            Fire           1 (100)      100%        3    ####...
 Mephitic Cloud           Pois/Air       2 (100)      100%        3    ####...
 Tukima's Dance           Hex            1 (100)      100%        3    ####...
 Fulminant Prism          Hex            1 (200)      100%        4    #####..


Dungeon Overview and Level Annotations

Branches:
Dungeon (4/8)
 Temple: D:4

Altars:
Dithmenos
Vehumet
Wu Jian
Lugonu


Innate Abilities, Weirdness & Mutations

You cannot fit into any form of body armour.
Your flickering blue scales are hard. (AC +7)
You can breathe wild blasts of lightning You have large cloven feet.
You are cold resistant. (rC+)
You sometimes gain a little power by taking damage.
You are cold-blooded and may be slowed by cold attacks.
When seriously injured, your bleeding wounds create armour. (AC +6)
You are in touch with the powers of the air.
Your flickering blue scales grant you resistance to electric shocks. (rElec)


Message History

You see here a leopard gecko corpse.
You hit the orc priest (3).
The orc priest is moderately wounded. (11/14) HP You barely miss the orc priest.
You kick the orc priest (2).
The orc priest is moderately wounded. (9/14) HP You have got your breath back.
You are near starving!
The cinder newt bites you (2).
* * * LOW HITPOINT WARNING * * *
A wight comes into view.
The orc priest mumbles some strange prayers to Beogh against you.
Beogh smites you!
* * * LOW HITPOINT WARNING * * *
The cinder newt barely misses you (0).
You riposte.
Your shield prevents you from hitting the cinder newt.
The cinder newt bites you (0). The cinder newt burns you!
* * * LOW HITPOINT WARNING * * *
The orc priest calls down the wrath of Beogh upon you.
Beogh smites you!
You die...

#.......# .###
#.....].#
.....#####.......#
.................#
######.#######'##
#.# #<..#.#
#.#####.#.#
######.......#l#
#......#######@#
#########.....l..#
#.......o+
#........#
#...))...#
#.......z#
#.../.....
####.#..#..


You could see a wight, an orc priest, a cinder newt and a leopard gecko.

Vanquished Creatures
  2 ogres (D:3)
  A crocodile (D:2)
  2 big kobolds (D:2)
  5 jellies (D:2)
  A hound (D:3)
  An orc priest (D:4)
  2 orc wizards (D:3)
  A worker ant (D:3)
  A spectral worm (D:3)
  A spectral bullfrog (D:3)
  A gnoll (D:1)
  6 adders
  21 sewer rats (D:2)
  A spectral worker ant (D:3)
  6 cinder newts
  4 oozes
  2 leopard geckos (D:2)
  3 orcs
  3 adder skeletons (D:3)
  2 ball pythons (D:2)
  5 bats
  A cinder newt skeleton (D:2)
  6 giant cockroaches
  A gnoll skeleton (D:2)
  2 hobgoblins (D:1)
  A quokka (D:4)
  A bat skeleton (D:2)
  A hobgoblin skeleton (D:2)
  12 kobolds (D:2)
  2 leopard gecko skeletons
  3 rats
101 creatures vanquished.

Vanquished Creatures (others)
  A hound (D:3)
  An adder (D:2)
  2 sewer rats (D:2)
  A leopard gecko (D:4)
  3 orcs (D:3)
  2 kobolds (D:2)
10 creatures vanquished.

Grand Total: 111 creatures vanquished

Notes
Turn   | Place    | Note
-------+----------+-------------------------------------------
     0 | D:1      | Lanoc the Immature Draconian Demonspawn began the quest for
                  | the Orb.
     0 | D:1      | Reached XP level 1. HP: 18/18 MP: 4/4
    72 | D:1      | Gained mutation: You sometimes gain a little power by
                  | taking damage. [demonic ancestry]
    72 | D:1      | Reached XP level 2. HP: 18/26 MP: 5/5
   164 | D:2      | Found a faded altar of an unknown god.
   189 | D:2      | Reached XP level 3. HP: 14/31 MP: 5/7
   317 | D:2      | Became a worshipper of Lugonu the Unformed
   317 | D:2      | Reached * piety under Lugonu
   317 | D:2      | Reached ** piety under Lugonu
   429 | D:2      | Reached XP level 4. HP: 13/40 MP: 3/8
   656 | D:2      | Reached skill level 4 in Invocations
   684 | D:2      | Gained mutation: When seriously injured, your bleeding
                  | wounds create armour. (AC +6) [demonic ancestry]
   684 | D:2      | Reached XP level 5. HP: 42/46 MP: 6/9
   788 | D:2      | Found a shadowy altar of Dithmenos.
   891 | D:2      | Reached skill level 5 in Invocations
   891 | D:2      | Gained mutation: You have large cloven feet. [demonic
                  | ancestry]
   891 | D:2      | Reached XP level 6. HP: 47/55 MP: 6/10
   927 | D:2      | Reached *** piety under Lugonu
   945 | D:2      | Reached skill level 5 in Fighting
   960 | D:2      | Reached skill level 6 in Invocations
  1173 | D:2      | Found a radiant altar of Vehumet.
  1272 | D:2      | Your scales start taking on a flickering blue colour.
  1272 | D:2      | Reached XP level 7. HP: 61/61 MP: 11/11
  1272 | D:2      | Gained mutation: You are cold resistant. (rC+) [demonic
                  | ancestry]
  1272 | D:2      | Gained mutation: Your flickering blue scales grant you
                  | resistance to electric shocks. (rElec) [Blue Draconian
                  | growth]
  1272 | D:2      | Gained mutation: You are in touch with the powers of the
                  | air. [Blue Draconian growth]
  1481 | D:3      | Noticed a wraith
  1492 | D:3      | Noticed a wraith
  1555 | D:3      | Found an ornate altar of the Wu Jian Council.
  1788 | D:3      | Found a runed translucent gate.
  1788 | D:3      | Found a runed translucent gate.
  1788 | D:3      | Found a runed translucent gate.
  1849 | D:3      | Reached skill level 7 in Invocations
  1984 | D:3      | Reached **** piety under Lugonu
  2410 | D:4      | HP: 3/64 [orc priest/divine providence (15)]
  2410 | D:4      | Killed from afar by an orc priest

Levels and vault maps discovered:
D:1:      evilmike_arrival_hilbert_curve, layout_loops_ring
D:2:      layout_sewer, old_standard_altar, nicolae_overflow_hidden_temple,
          chequers_ecumenical_altar_simple_redux
D:3:      miniossuary_kennysheep_ghosthouse, layout_basic, kennysheep_mini_moat,
          first_ration
D:4:      layout_basic, lemuel_round_altar, lemuel_doored_altar,
          minmay_temple_entry_glassed_door, basic_altar, uniq_joseph

Skill      XL: |  1  2  3  4  5  6  7 |
---------------+----------------------+-----
Fighting       | 3 4 5 6 |  6.4
Dodging        | 3 4 |  4.8
Invocations    | 4 5 6 7 |  7.6
Long Blades    | |  1.5
Stealth        | |  1.3
Spellcasting   | |  2.6

Action                   |  1- 3 |  4- 6 |  7- 9 || total
-------------------------+-------+-------+-------++-------
Melee: Long sword        |    37 |    52 |    88 ||   177
       Unarmed           |    29 |    39 |    42 ||   110
       Tailslap          |     4 |     6 |    10 ||    20
       Kick              |       |     5 |    31 ||    36
       Targe             |       |       |    29 ||    29
 Cast: Flame Tongue      |     7 |    35 |     7 ||    49
 Abil: Breathe Dart      |       |     1 |       ||     1
       Breathe Lightning |       |       |     9 ||     9
  Use: Potion            |       |       |     2 ||     2
       Scroll            |       |       |     1 ||     1
 Stab: Sleeping          |     2 |     1 |       ||     3
  Eat: Chunk             |       |     3 |     5 ||     8
Armor: Skin              |    24 |    26 |    51 ||   101
Dodge: Dodged            |    38 |    97 |   103 ||   238
Block: Targe             |       |       |    19 ||    19
       Rpst.: Long sword |    14 |    29 |    30 ||    73
       Unarmed           |    15 |    32 |    24 ||    71
       Targe             |       |       |    14 ||    14
